Map: Acropolis LE

Players

sandboX - Winner!

  • Race: Zerg Zerg
  • League: Gold
  • Spawn Location: 5:00

serralsuncle

  • Race: Protoss Protoss
  • League: Platinum
  • Spawn Location: 11:00

VOD

Have the link to the VOD?

Description

Time

  • Played on: Aug. 15, 2019, 1:26 a.m.
  • Length: 10:10
Show
View Real Time Build Order
Export as new Build Order

sandboX Zerg - Winner!

Build Orders: Hatch First 

Get SALT Encoding   

  12  0:01  Drone  
  13  0:17  Overlord  
  13  0:22  Drone  
  14  0:35  Drone x2  
  16  0:39  Drone  
  17  0:57  Drone  
  17  0:59  Hatchery  
  17  1:04  Drone  
  17  1:09  Extractor  
  17  1:37  Spawning Pool  
  17  1:38  Drone  
  17  1:48  Drone x2  
  19  1:55  Overlord  
  19  2:23  Zergling x6  
  22  2:37  Zergling x8  
  26  2:48  Drone x2  
  28  3:04  Drone x2  
  29  3:17  Drone x3  
  32  3:28  Drone x2, Hatchery  
  32  3:30  Overlord  
  33  3:53  Drone x3  
  33  3:54  Drone  
  37  3:59  Metabolic Boost  
  36  4:08  Drone x2  
  38  4:14  Overlord  
  38  4:15  Overlord  
  37  4:25  Drone x2  
  38  4:32  Roach Warren  
  37  4:44  Drone  
  37  4:45  Drone x4  
  42  4:46  Queen x3, Extractor  
  42  4:47  Extractor  
  47  5:00  Zergling x6  
  47  5:13  Drone x5  
  51  5:26  Drone x4  
  53  5:51  Drone x6  
  53  5:55  Overlord x2  
  53  5:56  Overlord  
  57  6:10  Drone x7  
  64  6:12  Overlord  
  64  6:19  Lair  
  64  6:21  Evolution Chamber  
  63  6:26  Evolution Chamber  
  62  6:37  Extractor x2  
  60  6:43  Extractor  
  59  6:49  Roach x15  
  89  7:09  Zerg Ground Armor Level 1, Zerg Missile Weapons Level 1  
  89  7:38  Roach x4  
  89  7:41  Overlord  
  89  7:42  Overlord x6  
  97  7:49  Glial Reconstitution  
  97  7:56  Hydralisk Den  
  96  8:01  Roach x12  
  120  8:09  Drone  
  120  8:10  Drone  
  122  8:25  Muscular Augments  
  122  8:33  Drone x5  
  121  8:58  Hydralisk x5  
  121  8:59  Hydralisk x11  
  147  9:08  Hydralisk x2  
  147  9:15  Hydralisk  
  145  9:18  Overlord x2  
  145  9:30  Hydralisk x2  
  145  9:32  Overlord x2  
  131  9:49  Hatchery  
  142  9:54  Hatchery  
Show
View Real Time Build Order
Export as new Build Order

serralsuncle Protoss 

Build Orders:  

Get SALT Encoding   

  12  0:01  Probe  
  13  0:14  Pylon  
  13  0:20  Probe  
  14  0:31  Probe  
  15  0:36  Forge  
  15  0:39  Probe  
  16  1:03  Probe  
  16  1:07  Pylon  
  16  1:09  Pylon  
  17  1:17  Pylon  
  16  1:32  Gateway  
  16  1:35  Probe  
  17  1:41  Assimilator  
  17  1:45  Assimilator  
  17  1:47  Probe  
  18  2:00  Probe  
  19  2:12  Probe  
  19  2:14  Pylon  
  20  2:24  Probe  
  20  2:26  Zealot  
  20  2:29  Photon Cannon  
  23  2:30  Photon Cannon  
  22  3:01  Zealot  
  24  3:14  Nexus  
  24  3:16  Probe  
  24  3:18  Assimilator  
  24  3:20  Assimilator  
  24  3:24  Zealot  
  25  3:32  Pylon  
  26  3:50  Probe  
  28  4:02  Probe  
  28  4:03  Cybernetics Core  
  28  4:07  Pylon  
  28  4:09  Zealot  
  28  4:10  Pylon  
  28  4:15  Probe  
  29  4:27  Probe  
  29  4:28  Zealot  
  30  4:39  Probe  
  29  4:47  Probe  
  30  4:53  Photon Cannon  
  30  4:55  Probe  
  28  5:00  Zealot  
  29  5:12  Probe  
  24  5:16  Probe  
  25  5:23  Probe  
  25  5:28  Probe  
  25  5:31  Probe  
  25  5:36  Zealot  
  25  5:39  Probe  
  25  5:40  Probe  
  29  6:08  Pylon  
  29  6:12  Zealot  
  31  6:29  Photon Cannon  
  31  6:30  Photon Cannon  
  31  6:31  Probe  
  31  6:32  Photon Cannon  
  32  6:34  Probe  
  33  6:44  Probe  
  33  6:46  Probe  
  35  6:51  Stargate  
  35  6:53  Stargate  
  35  6:55  Zealot  
  35  6:56  Probe  
  35  6:58  Probe  
  39  7:06  Probe  
  40  7:10  Probe  
  40  7:14  Probe  
  41  7:22  Probe x2  
  44  7:34  Protoss Air Weapons Level 1  
  44  7:35  Probe  
  44  7:36  Void Ray x2, Stargate  
  53  7:47  Probe  
  53  7:49  Probe  
  55  7:52  Pylon  
  55  7:59  Probe  
  55  8:01  Probe  
  57  8:15  Nexus  
  57  8:18  Assimilator  
  57  8:20  Assimilator  
  57  8:21  Void Ray  
  57  8:26  Pylon  
  61  8:29  Pylon  
  61  8:48  Photon Cannon  
  61  8:50  Photon Cannon, Void Ray  
  61  8:53  Photon Cannon  
  65  9:04  Photon Cannon  
  65  9:06  Photon Cannon  
  65  9:07  Void Ray  
Tags
 
Add a new tag
Caveats
  • Supply blocks, unpowered buildings, or Contaminate may cause inaccurate times.
  • Supply counts are checked every 10 seconds.